AoeStats
← makoto11037090411

Arena

510536005Analyzed
4v4 RM · 1d ago on Oct 1, 2026· 45m 27s· 8 players
Game mode
Random Map
Map size
Large (8 player)
Population
200
Speed
Normal
Resources
Standard
Victory
Conquest
Starting age
Dark Age
Ending age
Imperial Age
RankedLock teamsTeams togetherTeam positionsShared explorationLock speedFull tech treeHidden civsTurbo modeCheats
Victory
Defeat
🇵🇪 Khmer · Peru
1500
+13
🇨🇳 Danes · China
1489
+14
🇮🇳 Dravidians · India
1355
+19
🇨🇳 Britons · China
1354
+19
🇮🇹 Bengalis · Italy
1505
-18
🇨🇳 Saxons · China
1421
-16
🇺🇸 Mongols · United States
1420
-16
🇩🇪 Wu · Germany
1400
-15
TheEverestHeart
9:59 Feudal Age
13:43 Castle Age
12:18 Double-Bit Axe
13:45 Horse Collar
14:49 Bow Saw
18:41 Wheelbarrow
18:49 Fletching
21:18 Bodkin Arrow
22:32 Padded Archer Armor
28:41 Imperial Age
27:29 Bloodlines
27:20 Husbandry
28:23 Leather Archer Armor
28:10 Loom
31:31 Bracer
34:05 Conscription
34:07 Stone Mining
35:22 Chemistry
34:46 Ballistics
35:27 Chemistry
35:08 Hand Cart
36:22 Heavy Plow
38:15 Stone Shaft Mining
37:33 Gold Mining
39:27 Town Watch
39:14 Capped Ram
40:41 Siege Ram
41:38 Elite Mangudai
44:13 Light Cavalry
45:30 Thumb Ring
GdR_Tuna
11:00 Feudal Age
14:37 Castle Age
12:37 Double-Bit Axe
15:46 Bow Saw
21:37 Wheelbarrow
22:28 Horse Collar
23:04 Gold Mining
25:07 Gold Shaft Mining
24:56 Stone Mining
25:49 Loom
28:36 Imperial Age
25:53 Loom
26:50 Hand Cart
26:20 Town Watch
26:42 Scale Barding Armor
26:47 Forging
28:12 Chain Barding Armor
29:03 Iron Casting
29:08 Bloodlines
28:59 Husbandry
29:18 Town Patrol
29:55 Plate Barding Armor
28:42 Elite Battle Elephant
32:16 Blast Furnace
31:51 Conscription
32:04 Paiks
42:38 Caravan
43:32 Mahayana
Mr.Robin
10:49 Feudal Age
11:32 Double-Bit Axe
14:29 Castle Age
12:13 Horse Collar
15:52 Bow Saw
17:01 Wheelbarrow
16:56 Loom
18:19 Loom
20:42 Gold Mining
23:05 Gold Shaft Mining
22:37 Heavy Plow
23:53 Hand Cart
27:30 Imperial Age
24:53 Fletching
25:43 Scale Mail Armor
25:54 Forging
26:23 Stone Mining
27:46 Squires
28:33 Chain Mail Armor
28:54 Iron Casting
29:21 Chemistry
27:45 Elite Varangian Guard
29:02 Siege Engineers
29:05 Capped Ram
29:13 Capped Ram
31:00 Plate Mail Armor
30:42 Town Watch
30:43 Arson
31:18 Siege Ram
33:41 Two-Man Saw
36:46 Ballistics
37:59 Crop Rotation
36:58 Crossbowman
37:44 Thumb Ring
37:47 Bodkin Arrow
38:54 Conscription
38:15 Arbalester
39:09 Bracer
39:11 Padded Archer Armor
39:25 Masonry
39:16 Light Cavalry
40:06 Bloodlines
39:57 Husbandry
40:29 Leather Archer Armor
40:22 Scale Barding Armor
40:05 Hussar
42:00 Chain Barding Armor
42:12 Ring Archer Armor
41:19 Shield Wall
NEO
11:59 Feudal Age
13:26 Wheelbarrow
16:17 Castle Age
16:39 Gold Mining
17:00 Loom
18:26 Double-Bit Axe
18:25 Horse Collar
18:57 Stone Mining
24:35 Imperial Age
22:46 Padded Archer Armor
22:57 Fletching
24:30 Leather Archer Armor
24:54 Bodkin Arrow
26:41 Conscription
27:54 Bracer
29:36 Red Cliffs Tactics
36:53 Chemistry
35:44 Elite Skirmisher
37:32 Ballistics
[QHB] Sigurd
10:11 Feudal Age
11:11 Double-Bit Axe
14:05 Castle Age
12:17 Horse Collar
14:45 Heavy Plow
23:03 Wheelbarrow
22:14 Loom
22:22 Town Watch
24:23 Bow Saw
28:50 Imperial Age
26:23 Gold Mining
26:24 Stone Mining
27:06 Man-at-Arms
27:31 Gambesons
27:50 Scale Mail Armor
28:00 Forging
28:05 Squires
27:51 Arson
28:19 Long Swordsman
28:20 Pikeman
29:25 Chain Mail Armor
30:21 Iron Casting
29:08 Two-Handed Swordsman
29:15 Onager
29:20 Hamask
30:21 Conscription
30:09 Champion
32:19 Blast Furnace
31:49 Plate Mail Armor
32:07 Northmen's Fury
34:01 Siege Engineers
35:10 Siege Onager
36:51 Coinage
38:31 Banking
40:21 Halberdier
40:27 Elite Jomsviking
44:15 Capped Ram
VedtheAssasin
10:11 Feudal Age
14:10 Castle Age
12:30 Horse Collar
13:04 Double-Bit Axe
22:37 Wheelbarrow
23:45 Bow Saw
24:03 Gold Mining
28:04 Imperial Age
25:35 Fletching
26:28 Stone Mining
26:40 Heavy Plow
27:27 Medical Corps
27:39 Padded Archer Armor
28:10 Elite Elephant Archer
29:59 Chemistry
30:20 Thumb Ring
30:44 Husbandry
31:16 Bodkin Arrow
33:30 Bracer
33:47 Leather Archer Armor
34:07 Conscription
35:48 Ballistics
35:39 Masonry
37:57 Ring Archer Armor
38:48 Coinage
39:02 Hoardings
40:04 Squires
39:50 Arson
39:51 Gambesons
39:26 Pikeman
43:57 Banking
44:38 Murder Holes
44:53 Fortified Wall
46:42 Two-Man Saw
makoto11037090411
10:27 Feudal Age
14:36 Castle Age
12:48 Double-Bit Axe
13:22 Stone Mining
13:55 Horse Collar
21:25 Fletching
23:55 Heavy Plow
25:10 Wheelbarrow
24:22 Loom
25:15 Bow Saw
27:33 Gold Mining
31:25 Imperial Age
29:20 Bodkin Arrow
29:26 Padded Archer Armor
30:48 Hand Cart
30:18 Town Watch
32:32 Leather Archer Armor
33:02 Bracer
35:04 Conscription
36:13 Chemistry
37:05 Guard Tower
37:08 Town Watch
38:08 Guilds
37:54 Elite Longbowman
39:22 Hoardings
40:28 Two-Man Saw
39:59 Yeomen
40:25 Keep
41:24 Ring Archer Armor
40:55 Warwolf
40:27 Sappers
41:00 Arrowslits
42:07 Pikeman
42:47 Squires
42:48 Scale Mail Armor
42:59 Forging
44:02 Chain Mail Armor
45:33 Iron Casting
TVHG.Phraymus
9:59 Feudal Age
12:50 Castle Age
11:49 Double-Bit Axe
15:15 Wheelbarrow
16:30 Loom
27:40 Imperial Age
27:40 Fletching
29:35 Conscription
29:31 Bodkin Arrow
30:40 Scale Barding Armor
30:27 Light Cavalry
31:18 Bloodlines
31:09 Husbandry
31:21 Forging
31:52 Chain Barding Armor
32:18 Bow Saw
35:04 Bracer
37:35 Pikeman
38:07 Halberdier
40:22 Iron Casting
40:06 Scale Mail Armor
Connection lost

Rejoining the realm…

Still unreachable

The connection could not be restored.

Session expired

The server has moved on; the page needs a fresh start.